 Dungeon Sprint DCSS version 0.26-a0-652-gafc20e3620 (webtiles) character file.

Game seed: 18274816234742827610

2940 sahdkjhfkaj the Destroyer (level 9, -3/58 HPs)
             Began as an Octopode Conjurer on Oct 1, 2020.
             Was a Believer of Sif Muna.
             Slain by a centaur warrior (14 damage)
             ... in the Dungeon (Sprint I: "Red Sonja").
             The game lasted 00:03:56 (1765 turns).

sahdkjhfkaj the Destroyer (Octopode Conjurer)       Turns: 1765, Time: 00:03:57

Health: -3/58      AC:  1    Str:  6    XL:     9   Next: 80%
Magic:  25/33      EV: 18    Int: 24    God:    Sif Muna [**....]
Gold:   777        SH:  0    Dex: 10    Spells: 20/31 levels left

rFire    . . .     SeeInvis .   (no weapon)
rCold    . . .     Faith    .   (no shield)
rNeg     . . .     Spirit   .   (helmet restricted)
rPois    .         Reflect  .   (no amulet)
rElec    .         Harm     .   f - ring of magical power
rCorr    .         Rampage  .   h - +4 ring of evasion
MR       .....     NoTele   +   (no ring)
Stlth    +++.......             (no ring)
HPRegen  0.19/turn              (no ring)
MPRegen  0.23/turn              (no ring)
                                (no ring)
                                (no ring)

@: no status effects
A: almost no armour, stealthy swim, amphibious, 8 rings, constrict 8, camouflage
1, gelatinous body 1
a: Channel Magic, Renounce Religion


You were in the Dungeon.
You worshipped Sif Muna.
Sif Muna was pleased with you.
You visited 1 branch You collected 810 gold pieces.
You spent 33 gold pieces at shops.

Inventory:

Jewellery
 f - a ring of magical power (left tentacle)
 h - a +4 ring of evasion (right tentacle)
Wands
 a - a wand of polymorph (6)
Scrolls
 c - a scroll of remove curse
 g - a scroll of enchant weapon {unknown}
Potions
 b - 3 potions of curing
 d - 2 potions of haste
 e - 2 potions of magic


   Skills:
 + Level 4.0 Fighting
 + Level 4.6 Dodging
 - Level 2.6 Stealth
 + Level 11.7 Spellcasting
 + Level 12.4 Conjurations
 + Level 8.8 Hexes
 + Level 8.9 Translocations


You had 20 spell levels left.
You knew the following spells:

 Your Spells              Type           Power        Failure   Level
a - Magic Dart            Conj           ####         1%          1
b - Searing Ray           Conj           ######       1%          2
c - Fulminant Prism       Conj/Hex       ######....   1%          4
d - Iskenderun's Mystic   Conj/Tloc      ######..     1%          4

Your spell library contained the following spells:

 Spells                   Type           Power        Failure   Level
 Dazzling Flash           Conj/Hex       ######       1%          3


Dungeon Overview and Level Annotations

Branches:
Dungeon (1/1)

Altars:
Cheibriados
Dithmenos
Elyvilon
Fedhas
Gozag
Hepliaklqana
Kikubaaqudgha
Makhleb
Nemelex Xobeh
Okawaru
Qazlal
Ru
Sif Muna
Trog
Uskayaw
Vehumet
Wu Jian
Xom
Yredelemnul
Zin
The Shining One
Jiyva
Lugonu

Shops:
D (?[


Innate Abilities, Weirdness & Mutations

You cannot wear most types of armour.
You are very stealthy in the water. (Stealth+)
You are amphibious.
You can wear up to eight rings at the same time.
You can use your tentacles to constrict eight enemies at once.
Your skin changes colour to match your surroundings (Stealth+).
Your rubbery body absorbs attacks. (AC +1, EV +1)


Message History

Aiming: Magic Dart (safe; 1% risk of failure)
Press: ? - help, Shift-Dir - straight line, f - centaur warrior, p - fulminant prism
Aim: a centaur warrior, quivering 24 arrows (lightly wounded)
The magic dart hits the centaur warrior but does no damage.
The centaur warrior is lightly wounded.
The centaur warrior hits you!
* * * LOW HITPOINT WARNING * * *
Your fulminant prism explodes!
The blast of energy engulfs the centaur warrior!
The centaur warrior is moderately wounded.
Casting: Magic Dart (safe; 1% risk of failure)
Confirm with . or Enter, or press ? or * to list all spells.
Aiming: Searing Ray (safe; 1% risk of failure)
Press: ? - help, Shift-Dir - straight line, f/p - centaur warrior
Aim: a centaur warrior, quivering 24 arrows (moderately wounded)
The searing ray hits the centaur warrior!
The centaur warrior is heavily wounded. (Press . to maintain the ray.)
The centaur warrior hits you!
You die...

##########################
#<.#..)..#..c..#__#..))..#
#..)..#..')@#..'..'..#...#
#..#####'#####'#__####...+
#..####..#...#.####§ #####
#..#__####..##.#≈§§§
#..#_____##'#_(+≈§≈§
#⌠⌠#_.∩...'..(_#§§§§§
####_..__##_.#'##'###
#_____###'#.#[...###
############.####'###.##


You could see a centaur warrior.

Vanquished Creatures
  A centaur warrior (D)
  Sonja (D)
  A deep troll (D)
  2 kobold demonologists (D)
  A slime creature (D)
  Sigmund (D)
  A yak (D)
  A floating eye (D)
  An ogre (D)
  A jelly (D)
  Ijyb (D)
  A ballistomycete spore (D)
13 creatures vanquished.

Vanquished Creatures (others)
  A gargoyle (D)
  A ballistomycete spore (D)
  10 fulminant prisms (D)
12 creatures vanquished.

Grand Total: 25 creatures vanquished

Notes
Turn   | Place    | Note
-------+----------+-------------------------------------------
     0 | D        | sahdkjhfkaj the Octopode Conjurer began the quest for the
                  | Orb.
     0 | D        | Reached XP level 1. HP: 11/11 MP: 3/3
     1 | D        | Noticed Ijyb
    13 | D        | Killed Ijyb
    13 | D        | Reached skill level 7 in Conjurations
    13 | D        | Reached XP level 2. HP: 11/17 MP: 0/5
    13 | D        | Reached XP level 3. HP: 14/21 MP: 0/6
   172 | D        | Learned a level 2 spell: Searing Ray
   172 | D        | Noticed an ogre
   176 | D        | Killed an ogre
   176 | D        | Reached XP level 4. HP: 27/27 MP: 2/12
   268 | D        | Noticed Sigmund
   271 | D        | Killed Sigmund
   271 | D        | Reached skill level 9 in Conjurations
   271 | D        | Reached XP level 5. HP: 29/31 MP: 10/16
   271 | D        | Reached XP level 6. HP: 34/36 MP: 10/17
   277 | D        | Learned a level 4 spell: Fulminant Prism
   282 | D        | Learned a level 4 spell: Iskenderun's Mystic Blast
   336 | D        | Found an ornate altar of the Wu Jian Council.
   336 | D        | Found a shimmering blue altar of Sif Muna.
   338 | D        | Found a radiant altar of Vehumet.
   340 | D        | Reached skill level 1 in Hexes
   340 | D        | Reached skill level 1 in Translocations
   389 | D        | Became a worshipper of Sif Muna the Loreminder
   401 | D        | Found Vunen's Magic Scroll Emporium.
   401 | D        | Found an ancient bone altar of Kikubaaqudgha.
   401 | D        | Found a hazy altar of Hepliaklqana.
   401 | D        | Found a stormy altar of Qazlal.
   401 | D        | Found a hide-covered altar of Uskayaw.
   401 | D        | Found a blossoming altar of Fedhas.
   401 | D        | Found a bloodstained altar of Trog.
   401 | D        | Found an iron altar of Okawaru.
   401 | D        | Found a basalt altar of Yredelemnul.
   401 | D        | Found a glowing golden altar of the Shining One.
   401 | D        | Found a snail-covered altar of Cheibriados.
   401 | D        | Found a sacrificial altar of Ru.
   401 | D        | Found a glowing silver altar of Zin.
   401 | D        | Found a shadowy altar of Dithmenos.
   401 | D        | Found a white marble altar of Elyvilon.
   401 | D        | Noticed a yak
   406 | D        | Killed a yak
   406 | D        | Reached XP level 7. HP: 28/41 MP: 10/19
   458 | D        | Found an opulent altar of Gozag.
   501 | D        | Found a sparkling altar of Nemelex Xobeh.
   550 | D        | Bought a scroll of remove curse for 33 gold pieces
   559 | D        | Noticed Sonja
   563 | D        | Killed Sonja
   563 | D        | Reached skill level 10 in Spellcasting
   563 | D        | Reached skill level 10 in Conjurations
   563 | D        | Reached skill level 5 in Hexes
   563 | D        | Reached skill level 5 in Translocations
   563 | D        | Reached XP level 8. HP: 16/46 MP: 13/22
   696 | D        | Found Miung's Antique Weapon Boutique.
   753 | D        | Noticed a deep troll
   761 | D        | HP: 1/46 [deep troll (7)]
   787 | D        | Killed a deep troll
   787 | D        | Reached * piety under Sif Muna
   787 | D        | Reached skill level 11 in Conjurations
  1182 | D        | Found Juez's Armour Emporium.
  1241 | D        | Found a burning altar of Makhleb.
  1241 | D        | Found a viscous altar of Jiyva.
  1241 | D        | Found a shimmering altar of Xom.
  1241 | D        | Found a corrupted altar of Lugonu.
  1241 | D        | Noticed a slime creature
  1246 | D        | Killed a slime creature
  1246 | D        | Reached XP level 9. HP: 44/51 MP: 24/24
  1319 | D        | Noticed a kobold demonologist
  1321 | D        | Noticed a kobold demonologist
  1325 | D        | Killed a kobold demonologist
  1325 | D        | Reached ** piety under Sif Muna
  1325 | D        | Reached skill level 12 in Conjurations
  1325 | D        | Killed a kobold demonologist
  1353 | D        | Killed a gargoyle
  1526 | D        | Noticed a centaur warrior
  1552 | D        | Killed a centaur warrior
  1761 | D        | Noticed a centaur warrior
  1765 | D        | Slain by a centaur warrior

Illustrated notes

Levels and vault maps discovered:
D:        dungeon_sprint_1 [red_sonja_temple_1, red_sonja_temple_small_1]

Skill      XL: |  1  2  3  4  5  6  7  8  9 |
---------------+----------------------------+-----
Conjurations   | 7 9 10 11 12 | 12.4
Spellcasting   | 6 8 9 10 11 | 11.7
Hexes          | 3 5 7 8 |  8.8
Translocations | 3 5 7 8 |  8.9
Fighting       | 4 |  4.0
Dodging        | 4 |  4.6
Stealth        | |  2.6

Action                   |  1- 3 |  4- 6 |  7- 9 || total
-------------------------+-------+-------+-------++-------
Melee: Unarmed           |     8 |       |       ||     8
 Cast: Magic Dart        |     3 |       |     4 ||     7
       Searing Ray       |     1 |     3 |     9 ||    13
       Fulminant Prism   |       |       |    10 ||    10
       Iskenderun's Myst |       |       |     1 ||     1
  Use: Potion            |     1 |       |     2 ||     3
       Scroll            |       |       |     2 ||     2
Dodge: Dodged            |     3 |     1 |    12 ||    16

Table legend: (Time is in decaauts)
 A = Elapsed time spent in this place.
 B = Non-inter-level travel time spent in this place.
 C = Inter-level travel time spent in this place.
 D = Time resting spent in this place.
 E = Time spent auto-exploring this place.
 F = Levels seen in this place.
 G = Mean time per level.
                   A        B        C        D        E       F      G
               +--------+--------+--------+--------+--------+-----+--------+
         Total |   1793 |   1766 |     27 |   1410 |      0 |   1 | 1793.0 |
       Dungeon |   1793 |   1766 |     27 |   1410 |      0 |   1 | 1793.0 |
               +--------+--------+--------+--------+--------+-----+--------+

Top non-repeatable levels by time:
       D: 1793 daAuts
